[Event "European Women-ch 2023"]
[Site "Petrovac"]
[Date "2023.03.25"]
[Round "7.7"]
[White "Radeva, Viktoria"]
[Black "Mammadova, Gulnar"]
[Result "1/2-1/2"]
[Annotator "TA"]
[ECO "C54"]
[WhiteElo "2247"]
[BlackElo "2358"]
[PlyCount "123"]
[EventDate "2023.03.15"]
[EventType "swiss"]
[EventCountry "MNE"]
[SourceTitle "playchess.com"]
[Source "ChessBase"]
[SourceQuality "1"]
[TimeControl "40/5400+30:1800+30"]

1. e4 e5 2. Nf3 Nc6 3. Bc4 Nf6 4. d3 Bc5 5. O-O d6 6. c3 a6 7. a4 h6 8. Nbd2 {[%emt 0:00:28] C54: Giuoco Piano: 4 c3 Nf6, main lines with 5 d4 and 5 d3.} Ba7 9. Re1 O-O 10. h3 Be6 11. Bxe6 fxe6 12. Nf1 Qe8 13. Be3 Bxe3 14. Rxe3 Nh5 15. b4 Qf7 16. Ra2 {[%emt 0:07:59] [#]} Nf4 $146 ({Predecessor:} 16... Ne7 17. g3 a5 18. b5 Nf6 19. N1h2 Rad8 20. d4 exd4 21. cxd4 e5 22. Rc2 Ng6 {0-1 Vachier Lagrave,M (2779)-Nakamura,H (2777) chess.com Speed 5m+1spm 2018 blitz (2.10)}) 17. Kh2 d5 18. d4 exd4 19. Nxd4 e5 $1 (19... Qg6 20. g3 Nxd4 21. cxd4 $14) 20. Nxc6 ({Only move:} 20. Nb3 $1 $15) 20... d4 $1 $19 {[%emt 0:04:18][%cal Od4e3][%mdl 64] Discovered Attack} (20... bxc6 21. Rd2 $11) 21. Rg3 (21. Ne7+ $142 Kh7 22. Ree2 Nxe2 23. Rxe2 Qxe7 24. cxd4) 21... Qxa2 22. Qg4 g5 (22... bxc6 $2 23. Qxg7#) 23. Nxe5 Qxf2 24. Rf3 Qe2 (24... Qxg2+ $1 $19 {has better winning chances.} 25. Qxg2 Nxg2 26. Kxg2 Rxf3 {[%mdl 64] Remove Defender} 27. Nxf3 dxc3) 25. Ng6 Qxe4 (25... Nxg6 $2 26. Rxf8+ (26. cxd4 $2 Rxf3 27. Qxf3 Qxf3 $19) 26... Rxf8 27. Qxe2 $18) (25... Qxg2+ $1 $19 26. Qxg2 Nxg2 27. Nxf8 (27. Rxf8+ $2 Rxf8 28. Kxg2 dxc3 $19) 27... Nh4) 26. Nxf8 $17 Rxf8 (26... Kxf8 27. Ng3 Qe5 28. cxd4 Qxd4 29. Nh5 $16 (29. Qe6 Re8 $11)) 27. Ng3 {[%emt 0:02:03] Prevents d3} Qd5 (27... Qc2 28. Nh5 Kh7 29. Qd7+ (29. cxd4 Qxa4 30. d5 Qa1 $11) 29... Kg6 30. Rxf4 (30. cxd4 $2 Qxg2#) 30... Rxf4 31. Qe8+ Kh7 32. Qd7+ Kg6 33. Qe8+ Kh7 34. Qd7+ Kg6 $11) 28. cxd4 Qxd4 29. Nh5 ({Not} 29. Nf5 $2 Qe5 30. Nh4 (30. Nxh6+ $2 Kh7 $19) 30... h5 $19) 29... Qe5 {[%emt 0:00:40] White is weak on the dark squares} 30. Kh1 Nxh5 (30... Ne6 {keeps more tension.} 31. a5 c6 32. Rxf8+ Kxf8 33. Ng3 Qd5) 31. Rxf8+ Kxf8 32. Qxh5 {[%emt 0:00:06][%mdl 4096] Endgame KQ-KQ} Kg7 {[%emt 0:00:14] White must now prevent ...Qe1+.} 33. Qd1 {[%emt 0:00:11] Dodges Qe1+} Qd6 34. Qa1+ Kg6 35. Qb1+ Kf6 36. a5 Ke5 37. b5 axb5 ({Black should try} 37... Kd5 $17 38. bxa6 bxa6) 38. Qxb5+ $15 Qd5 39. Qe8+ (39. Qe2+ $15 Qe4 40. Qb2+ Ke6 41. Qc3) 39... Kd4 $1 $17 40. Qa4+ Qc4 $1 41. Qd7+ {[%emt 0:07:51] [#]} (41. Qa1+ $17 {keeps fighting.} Kd5 42. Qa3) 41... Kc3 $1 $19 42. Qg7+ Kb4 {[%emt 0:01:33] And now ...Qc1+ would win.} 43. Qb2+ Qb3 $2 (43... Kxa5 $19 {Threatens to win with ...b5.} 44. Qxb7 c5 45. Qa7+ Kb5 46. Qb7+ Ka4 47. Qc6+ Kb3 48. Qb6+ Qb4 49. Qxh6 c4) 44. Qd4+ $15 Qc4 $2 ({Reject} 44... Kxa5 45. Qa7+ Kb5 46. Qxb7+ Ka4 47. Qe4+ Ka3 48. Qe7+ Qb4 49. Qxc7 $11) (44... Kb5 $1 $15 45. Qd7+ Kxa5 46. Qxc7+ Ka4) 45. Qb2+ $19 Kxa5 {[%emt 0:00:23] aiming for ...b5.} 46. Qxb7 h5 47. Qa7+ Kb4 48. Qb7+ Kc3 49. Qf3+ {[%emt 0:00:09] [#]} Kd2 (49... Kb2 $1 $17 {...Qc1+ would be deadly.} 50. Qxh5 c5 51. Qxg5 Qf1+ 52. Kh2 c4) 50. Qf2+ $11 {[%emt 0:10:29] The position is equal.} Qe2 51. Qd4+ Qd3 52. Qb2+ Kd1 53. Qa1+ Kc2 54. Qa2+ Kc1 55. Qa1+ Qb1 56. Qc3+ Qc2 57. Qa1+ Kd2 58. Qd4+ Ke2 59. Qe5+ Kf1 60. Qa1+ Kf2 61. Qd4+ Ke2 {[%emt 0:01:16] ( -> ...Qd1+)} (61... Kg3 $2 {gets mated.} 62. Qe3+ Kh4 63. Qe1+) 62. Qe5+ {[%emt 0:00:16] Weighted Error Value: White=0.15 (very precise) /Black=0.18 (very precise)} 1/2-1/2

[Event "European Women-ch 2023"]
[Site "Petrovac"]
[Date "2023.03.25"]
[Round "7.7"]
[White "Tsirulnik, Maritsa"]
[Black "Silva, Ana Ines Teixeira Da"]
[Result "1/2-1/2"]
[Annotator "TA"]
[ECO "E04"]
[WhiteElo "2121"]
[BlackElo "1792"]
[PlyCount "64"]
[EventDate "2023.03.15"]
[EventType "swiss"]
[EventCountry "MNE"]
[SourceTitle "playchess.com"]
[Source "ChessBase"]
[SourceQuality "1"]
[TimeControl "40/5400+30:1800+30"]

1. d4 d5 2. c4 e6 3. Nf3 Nf6 4. g3 dxc4 5. Bg2 c5 6. O-O Nc6 7. Ne5 Bd7 8. Nxc6 Bxc6 9. Bxc6+ bxc6 10. Qa4 Qb6 11. dxc5 {[%emt 0:00:39] E04: Open Catalan: 5 Nf3.} Bxc5 12. Qxc4 Rd8 13. e3 {[%emt 0:02:59] White is slightly better.} O-O {[%emt 0:15:10] [#] The position is equal.} 14. a3 $146 ({Predecessor:} 14. Nc3 Qb4 15. Qxb4 Bxb4 16. a3 Bxc3 17. bxc3 Rd3 18. Bb2 Ne4 19. Rfd1 Rfd8 20. Rxd3 Rxd3 {0-1 Helmich,J (1699)-Stoeckl,S (2096) Nittenau-ch op 15th 2015 (1)}) 14... Nd7 15. b4 Bd6 16. Bb2 a5 17. Nd2 Be5 18. Rfb1 Bxb2 19. Rxb2 Ne5 20. Qc3 Rxd2 {[%emt 0:05:03][%mdl 64] [#] Remove Defender, Decoy} 21. Qxe5 (21. Rxd2 $5 Nf3+ $8 22. Kg2 Nxd2 23. Qxd2 $11) 21... Rxb2 22. Qxb2 axb4 23. axb4 $11 {[%emt 0:00:16][%mdl 4096] Endgame KQR-KQR} h6 24. Rb1 Rd8 25. Qc3 Qb5 26. Rc1 Rb8 27. Rd1 Qxb4 28. Qxc6 Qb6 29. Qe4 Qb3 30. Rd3 Qa2 31. Kg2 Qa8 32. Qxa8 Rxa8 {[%emt 0:00:04] An interesting draw.   Weighted Error Value: White=0.04 (flawless) /Black=0.05 (flawless)} 1/2-1/2

[Event "European Women-ch 2023"]
[Site "Petrovac"]
[Date "2023.03.25"]
[Round "7.8"]
[White "Tsolakidou, Stavroula"]
[Black "Sandu, Mihaela"]
[Result "1-0"]
[Annotator "TA"]
[ECO "C95"]
[WhiteElo "2358"]
[BlackElo "2211"]
[PlyCount "129"]
[EventDate "2023.03.15"]
[EventType "swiss"]
[EventCountry "MNE"]
[SourceTitle "playchess.com"]
[Source "ChessBase"]
[SourceQuality "1"]
[TimeControl "40/5400+30:1800+30"]

1. e4 {[%emt 0:00:03] Dragun/Macieja} e5 2. Nf3 Nc6 3. Bb5 a6 4. Ba4 Nf6 5. O-O Be7 6. Re1 b5 7. Bb3 d6 8. c3 O-O 9. h3 Nb8 10. d4 Nbd7 11. c4 Bb7 12. Nc3 {[%emt 0:12:04] C95: Closed Ruy Lopez: Breyer Variation with 10 d4.} c6 (12... exd4 {is interesting.} 13. Nxd4 Nc5 14. Nd5 Re8) 13. Qc2 exd4 14. Nxd4 {[%emt 0:00:09] The position is equal.} b4 15. Na4 {[%emt 0:02:12] [#]} g6 $146 (15... c5 $14 16. Nf5 Re8) ({Predecessor:} 15... c5 16. Nf5 Re8 17. Bf4 Bf8 18. f3 Ne5 19. Rad1 Qc7 20. Bg5 Re6 21. Ne3 Rae8 {1-0 Shirov,A (2665)-Dragun,K (2665) CZE-chT 1617 2016 (3.4)}) 16. Bh6 {[%emt 0:07:21] White is more active.} (16. c5 $1 $16) 16... c5 $1 $11 17. Bxf8 Bxf8 18. Nf3 Qe7 19. Qd1 Nh5 20. Bc2 Nf4 21. b3 Re8 22. Nb2 Bg7 23. Rb1 Ne5 24. Nxe5 Bxe5 {[%emt 0:01:18] A strong pair of Bishops.} 25. Qf3 {[%emt 0:04:30] Repels Bc3} (25. Nd3 $1 $11 {remains equal.}) 25... h5 ({Better is} 25... f5 $17) 26. Nd1 (26. Nd3 $11 Nxd3 27. Qxd3 (27. Bxd3 Qh4 $11)) 26... Qg5 {[%emt 0:02:22][%mdl 1024] Black has strong compensation.} 27. Ne3 Bc8 (27... Ne6 $1 $15 28. Qd1 Bc3 29. Qxd6 Nd4) 28. Kf1 Ne6 (28... Re6 $15 29. Nd5 Nxd5 30. exd5 Rf6) 29. Nd5 Kg7 (29... Nd4 $5 30. Qe3 Qh4 $14) 30. Bd3 Qh4 31. g3 Qxh3+ 32. Qg2 Qxg2+ 33. Kxg2 Bd4 34. f4 Nd8 35. Be2 f6 36. Rbd1 Nc6 37. Bf3 Nd8 38. Rh1 {[%emt 0:04:54][%cal Od5b4] Threatens to win with Nxb4!} a5 {[%emt 0:00:31] [#]} (38... Ne6 $1 $14) 39. Nc7 $1 $18 ({Much less strong is} 39. f5 $6 gxf5 40. exf5 (40. Rxh5 fxe4 41. Be2 Nf7 $11) (40. Bxh5 Re5 $14) 40... Bxf5 $16) 39... Re7 40. Nb5 Ne6 41. Nxd6 Bd7 {[%emt 0:01:41] [#]} 42. Bxh5 $1 {[%emt 0:24:50][%mdl 64] Deflection} gxh5 43. Nf5+ (43. Rxh5 Nd8 $14) 43... Kf7 44. Nxe7 Kxe7 45. Rxh5 Bc6 {[%emt 0:00:41] [#]} 46. Rd5 $1 Nc7 {[%emt 0:08:19] [#]} (46... a4 47. Kf3) 47. Re1 $1 a4 (47... Be8 48. Rf5) 48. Kf3 a3 $2 (48... Bc3 $16 49. Rxc5 Bxe1 50. Rxc6 axb3 51. axb3 (51. Rxc7+ Kd6 $11) 51... Ne6) 49. Rh5 Ne8 50. Rh7+ Kd6 $2 (50... Kd8 51. g4 Nd6) 51. Ra7 {[%emt 0:02:29] Black must now prevent g4.} Nc7 $2 (51... f5 52. g4 fxe4+ 53. Kg3 e3) 52. Rh1 ({Weaker is} 52. Rd1 f5 $18) 52... Ne6 53. Ra6 Bc3 54. Rh7 Nd4+ 55. Kf2 Ne6 {[%emt 0:00:18] [#]} 56. e5+ $1 fxe5 57. f5 Nd4 58. f6 Ne6 59. f7 Bd4+ 60. Ke2 Nf8 {[%emt 0:00:26] [#]} 61. Rxc6+ $1 Kxc6 62. Rh8 Kd7 63. Rxf8 Ke7 64. Rc8 Kxf7 65. Kf3 {[%emt 0:00:05] Weighted Error Value: White=0.44/Black=0.50} 1-0

[Event "European Women-ch 2023"]
[Site "Petrovac"]
[Date "2023.03.25"]
[Round "7.8"]
[White "Mkrtchyan, Mariam"]
[Black "Buksa, Nataliya"]
[Result "1/2-1/2"]
[Annotator "TA"]
[ECO "D35"]
[WhiteElo "2343"]
[BlackElo "2405"]
[PlyCount "45"]
[EventDate "2023.03.15"]
[EventType "swiss"]
[EventCountry "MNE"]
[SourceTitle "playchess.com"]
[Source "ChessBase"]
[SourceQuality "1"]
[TimeControl "40/5400+30:1800+30"]

1. d4 Nf6 2. c4 e6 3. Nc3 d5 4. cxd5 exd5 5. Bg5 Bb4 6. e3 h6 7. Bh4 g5 {[%emt 0:00:05] D35: Queen's Gambit Declined: Exchange Variation.} 8. Bg3 h5 9. f3 (9. h4 $14) 9... h4 $11 10. Bf2 Bf5 {[%emt 0:00:39] [#]} 11. Bd3 $146 ({Predecessor:} 11. Qa4+ Nc6 12. Bb5 Bxc3+ 13. bxc3 O-O 14. Rd1 Qd6 15. Ne2 a6 16. Bd3 Bxd3 17. Rxd3 {0-1 Findlay,M (1950)-Ginther,R (1929) IECG CB.2002.0.00060 email}) 11... Qd7 12. Nge2 Nc6 13. a3 Bxc3+ 14. Nxc3 O-O-O 15. Na4 {[%emt 0:08:08] [#] Nc5 is the strong threat.} (15. Bxf5 {simplifies} Qxf5 16. h3 Kb8 17. O-O) 15... Nxd4 {[%emt 0:08:59] White must now prevent ...Bxd3.} 16. Nc5 Qe7 17. Rc1 {[%emt 0:00:20] Qa4 would be deadly.} (17. Qa4 $5 Bxd3 18. Qxa7 Nc2+ 19. Kd2 $14) 17... Bxd3 {[%emt 0:07:59] The position is equal.} 18. Qxd3 Ne6 {[%emt 0:00:05] A dynamic duo of knights.} 19. Nxb7 {[%emt 0:03:28][%mdl 64] [#] Decoy} Kxb7 20. Qb5+ Kc8 {[%emt 0:00:07] Threatens to win with ...Rd6.} 21. Qa6+ Kb8 {[%emt 0:00:03] Strongly threatening ...c5.} 22. Qb5+ Kc8 {[%emt 0:00:04] Hoping for ...Rd6.} 23. Qa6+ {[%emt 0:00:12] Weighted Error Value: White=0.09 (flawless) /Black=0.04 (flawless)} 1/2-1/2

[Event "European Women-ch 2023"]
[Site "Petrovac"]
[Date "2023.03.25"]
[Round "7.8"]
[White "Pirvulescu, Ekaterina"]
[Black "Berke, Ana"]
[Result "1/2-1/2"]
[Annotator "TA"]
[ECO "B42"]
[WhiteElo "2032"]
[BlackElo "2107"]
[PlyCount "120"]
[EventDate "2023.03.15"]
[EventType "swiss"]
[EventCountry "MNE"]
[SourceTitle "playchess.com"]
[Source "ChessBase"]
[SourceQuality "1"]
[TimeControl "40/5400+30:1800+30"]

1. e4 c5 2. Nf3 e6 3. d4 cxd4 4. Nxd4 a6 5. Bd3 Nc6 6. Nxc6 bxc6 7. O-O Qc7 8. Qe2 {[%emt 0:03:49] B42: Sicilian: Kan Variation: 5 Bd3.} e5 9. f4 {[%emt 0:09:10] [#]} Bc5+ $146 ({Predecessor:} 9... d6 10. Nd2 Be7 11. fxe5 dxe5 12. Nc4 Nf6 13. Be3 Be6 14. a4 a5 15. Kh1 O-O {1-0 Zhou,L (2018)-Lopez Mijail,N (2103) Collado Villalba op 38th 2021 (4)}) 10. Kh1 $1 {[%emt 0:01:24] White is better.} d6 11. fxe5 dxe5 {[%emt 0:00:27] [#]} 12. Bc4 $1 Nf6 {[%emt 0:05:08] [#]} 13. Bg5 ({Better is} 13. Bh6 $1 $16 Rg8 14. Nc3 {[%mdl 64] Remove Defender}) 13... Be7 $1 $14 14. Nc3 O-O 15. Bxf6 Bxf6 16. Nd1 Qe7 17. Ne3 g6 18. Rf3 $36 {[%emt 0:06:03][%mdl 2048] White is pushing.} Bg5 19. Raf1 Be6 20. b3 Bxe3 21. Rxe3 a5 22. a4 Rad8 23. Bxe6 Qxe6 24. Rd3 ({White should play} 24. h3 $16) 24... Rd4 $11 25. Rxd4 exd4 {[%emt 0:00:06][%mdl 4096] Endgame KQR-KQR} 26. Re1 Re8 27. Qa6 Qe5 (27... Qd5 {is interesting.} 28. Qa7 Re5 29. Kg1 Qc5) 28. Qxc6 f5 29. Qc4+ Kg7 30. Rd1 fxe4 31. Qxd4 Qxd4 32. Rxd4 {[%emt 0:00:04] KR-KR} e3 {[%emt 0:00:06] ( -> ...e2)} 33. Rd1 Rc8 34. c4 {[%emt 0:05:25] Hoping for Kg1.} Rb8 35. Rc1 Rxb3 36. c5 e2 {[%emt 0:00:39] And now ...Rd3 would win.} 37. Kg1 {[%emt 0:00:03] [#] Kf2 is the strong threat.} Rc3 $1 {[%emt 0:00:49][%mdl 64] Deflection, Back Rank, Promotion} 38. Re1 Rxc5 39. Rxe2 Rc4 40. Ra2 (40. Re7+ $1 $11 {remains equal.} Kg8 41. Kf2) 40... g5 (40... Kf7 $17) 41. Kf2 Kf6 42. Ke3 g4 ({Black should try} 42... h5 $17) 43. g3 {[%emt 0:03:29] The position is equal.} h5 44. Kd3 Rb4 45. Rc2 Rxa4 46. Rc6+ Kg7 47. Rc7+ Kg8 48. Rc5 h4 49. Rg5+ Kf7 {[%emt 0:00:58] White must now prevent ...hxg3.} 50. gxh4 Kf6 51. Kc3 Ra3+ 52. Kb2 Ra4 53. Kb3 Rf4 54. Ka3 Rf3+ 55. Ka4 Rf4+ 56. Ka3 a4 57. Ka2 Re4 58. Ka3 Rd4 59. Ka2 $1 Rf4 60. Ka3 Rd4 {[%emt 0:00:06] Weighted Error Value: White=0.11 (very precise) /Black=0.06 (flawless)} 1/2-1/2

[Event "European Women-ch 2023"]
[Site "Petrovac"]
[Date "2023.03.25"]
[Round "7.9"]
[White "Vega Gutierrez, Sabrina"]
[Black "Maltsevskaya, Aleksandra"]
[Result "0-1"]
[Annotator "TA"]
[ECO "B36"]
[WhiteElo "2361"]
[BlackElo "2388"]
[PlyCount "128"]
[EventDate "2023.03.15"]
[EventType "swiss"]
[EventCountry "MNE"]
[SourceTitle "playchess.com"]
[Source "ChessBase"]
[SourceQuality "1"]
[TimeControl "40/5400+30:1800+30"]

1. e4 c5 2. Nf3 g6 3. d4 cxd4 4. Nxd4 Nc6 5. c4 Nf6 6. Nc3 Nxd4 7. Qxd4 d6 8. Be2 Bg7 9. Be3 O-O 10. Qd3 a5 $1 {[%emt 0:00:28][%mdl 4] is currently scoring better than 10...Be6. B36: Sicilian: Maroczy Bind: Gurgenidze System.} 11. O-O a4 12. f4 Bd7 {[%emt 0:00:31] White has an edge.} 13. Rad1 Bc6 14. Kh1 Qa5 15. Bd4 Nd7 16. Bxg7 Kxg7 {[%emt 0:00:07] [#]} 17. Nd5 $146 ({Predecessor:} 17. Bg4 Nc5 18. Qd4+ f6 19. Nd5 Bxd5 20. exd5 b5 21. Rde1 Ra7 22. Be2 bxc4 23. Bxc4 {1-0 Zanan,E (2510)-Kovalskyi,R (2133) Prague Summer op 9th 2022 (6)}) 17... Bxd5 18. exd5 Qb4 19. Qd4+ Kg8 20. Rf3 Rac8 21. Re3 {[%emt 0:05:38] Black is weak on the light squares} Rfe8 22. f5 Ne5 23. a3 Qc5 24. Qf4 Kg7 {[%emt 0:11:47] Inhibits Qh6+.} (24... Nxc4 $2 25. Rc3 Qb6 26. fxg6 hxg6 27. Bxc4 $18) (24... Kh8 $1 $11 {remains equal.}) 25. Rh3 $1 $16 {[%emt 0:00:41] Threatening mate with Qh6+.} h5 26. fxg6 (26. Qh4 {feels hotter.} Rc7 27. g4 Rh8 28. gxh5 gxh5 29. f6+) 26... fxg6 {[%emt 0:00:44] [#]} 27. Rxh5 $1 {[%emt 0:00:52] Intending Qh6+ and mate.} Rh8 {[%emt 0:09:30] Wards off Qh6+} (27... gxh5 28. Qg5+ Kh8 29. Qxh5+ Kg7 30. Qg5+ Kh8 31. Qh4+ Kg7 32. Qg3+ Kh6 33. Bd3 $18) 28. Rxe5 dxe5 29. Qxe5+ Kg8 30. Qe6+ (30. Qe4 $14 Qd6 31. h3) 30... Kg7 $11 31. d6 Qg5 {[%emt 0:06:07][%cal Oh8h2] Chess con chili.} 32. h3 (32. dxe7 $2 Rxh2+ 33. Kxh2 Rh8+ $19) 32... exd6 33. Qd7+ (33. Qxd6 Rhd8 34. Qb6 Rxd1+ 35. Bxd1 Rxc4 36. Qxb7+ Kh6 $17) (33. Rxd6 $5 Kh6 34. Rd7 $15) 33... Kh6 34. Rd4 (34. Qxd6 Rhd8 35. Qb4 Rxd1+ 36. Bxd1 Qc1 $17) (34. Qxa4 $11 {keeps the balance.} Rhf8 35. Bf3 (35. Rxd6 Rf2 36. Bf3 Rf1+ 37. Kh2 Qe5+ 38. g3 Rf2+ 39. Bg2 Qe4 {[%mdl 64] Double Attack})) 34... Rce8 35. Rg4 (35. Qg4 $17) 35... Qf6 $19 (35... Qc1+ 36. Kh2 Qxb2 37. Rh4+ Kg5 38. Rg4+ Kh6 39. Rh4+ Kg5 40. Rg4+ Kh6 $11) 36. Bf3 Re1+ (36... Qxb2 37. Rh4+ (37. Qxb7 $2 Qxb7 38. Bxb7 Re3 $19) (37. Qxd6 Re1+ 38. Kh2 Qe5+ 39. Qxe5 Rxe5 $11) 37... Kg5 38. Rg4+ (38. Qxb7 $2 Re1+ 39. Kh2 Qe5+ 40. g3 Rxh4 $19) 38... Kh6 39. Rh4+ (39. Qxb7 $2 Qxb7 40. Bxb7 Re3 $19) (39. Qxd6 Re1+ 40. Kh2 Qe5+ 41. Qxe5 Rxe5 $15) 39... Kg5 40. Rg4+ (40. Qxb7 $2 Re1+ 41. Kh2 Qe5+ 42. g3 Rxh4 $19) 40... Kh6 $11) 37. Kh2 Rf8 (37... Qxb2 $2 38. Rh4+ (38. Qxb7 $2 Qxb7 39. Bxb7 Re3 $17) 38... Kg5 39. Qg4+ (39. Qxb7 $2 Qe5+ 40. g3 Rxh4 $19) 39... Kf6 40. Rxh8 $18) (37... Qe5+ 38. g3 Qe7 39. Qxe7 Rxe7 40. Rh4+ Kg7 41. Rd4 $17) (37... Rhe8 $1 $19 {Hoping for ...R8e3.} 38. Qxb7 Rb1) 38. Qxb7 $2 (38. Qb5 $17 {was the only chance.}) 38... Qe5+ $1 39. g3 {[%emt 0:00:31] [#]} Qe7 (39... Qc5 40. Rh4+ Kg5 41. Rh5+ gxh5 42. Qg7+ Kf5 43. Qxf8+ Kg6 44. Qg8+ (44. h4 $2 Qf2+ 45. Kh3 Qf1+ 46. Kh2 Re2+ 47. Bxe2 Qxf8 $19) 44... Kh6 45. Qh8+ Kg6 46. Qg8+ Kh6 47. Qh8+ Kg6 48. Qg8+ $11) (39... Re2+ $1 $19 {is more deadly.} 40. Kh1 (40. Bxe2 $2 Qxe2+ 41. Qg2 Rf2 $19) 40... Rxb2 41. Rh4+ Kg5 42. Rg4+ Kf6 43. Rf4+ Qxf4 {[%mdl 64] Double Attack} 44. Qxb2+ Qe5) 40. Qxe7 $4 ({Wrong is} 40. Qd5 $2 Re2+ 41. Kh1 (41. Bxe2 $2 Qxe2+ 42. Qg2 Rf2 $19) 41... Rxb2 42. Rh4+ Kg7 $19) (40. h4 $17) 40... Rxe7 $17 {[%emt 0:00:00][%mdl 4096] Endgame KRR-KRB} 41. Be4 {[%emt 0:06:50] [#]} (41. Kg2 Rb8 42. h4) 41... Rf2+ $1 $19 42. Kg1 Rxb2 43. Rxg6+ Kh5 44. Rg4 Ra2 45. Rh4+ Kg5 46. Rf4 Rxa3 47. h4+ Kh5 48. Kg2 Rb3 {[%emt 0:01:52] ...a3 would be deadly.} 49. Bf3+ $2 (49. c5 {is the only way for White.} dxc5 50. Bf3+ {[%mdl 64] Discovered Attack} Kh6 51. Rxa4) 49... Kg6 50. c5 a3 ({Not} 50... dxc5 51. Rxa4 Ree3 52. Rg4+ Kf6 53. Rf4+ Ke5 54. h5 $17) 51. cxd6 Rd7 (51... Ra7 $142 52. Be4+ Kg7) 52. g4 $2 (52. Ra4) 52... Rxd6 {[%emt 0:00:29] White must now prevent ...Rd2+.} 53. Ra4 Rd2+ 54. Kg3 Rdd3 55. h5+ Kf6 56. Ra6+ Ke5 57. h6 Rxf3+ 58. Kh4 Rh3+ 59. Kg5 Rb4 60. Ra5+ Kd6 {[%emt 0:00:49] ( -> ...Kc6)} 61. Kf5 Kc6 {[%emt 0:00:05] Black mates.} (61... Rxh6 62. Ra6+ Kd5 63. Rxh6 $11) 62. Ra8 Kb7 63. Ra5 Rxh6 64. Rxa3 Rc6 {[%emt 0:00:25] Weighted Error Value: White=0.86/Black=0.31} 0-1

[Event "European Women-ch 2023"]
[Site "Petrovac"]
[Date "2023.03.25"]
[Round "7.9"]
[White "Velikic, Adela"]
[Black "Kostina, Veronika"]
[Result "1-0"]
[Annotator "TA"]
[ECO "E16"]
[WhiteElo "2329"]
[BlackElo "1855"]
[PlyCount "133"]
[EventDate "2023.03.15"]
[EventType "swiss"]
[EventCountry "MNE"]
[SourceTitle "playchess.com"]
[Source "ChessBase"]
[SourceQuality "1"]
[TimeControl "40/5400+30:1800+30"]

1. d4 e6 2. c4 Nf6 3. Nf3 b6 4. g3 Bb7 5. Bg2 Bb4+ 6. Bd2 Qe7 7. O-O O-O 8. Bf4 Bd6 {[%emt 0:07:45] E16: Queen's Indian: 4 g3 Bb7 5 Bg2 Bb4+.} 9. Bxd6 Qxd6 10. Nc3 Qe7 {[%emt 0:02:47] White is slightly better.} 11. d5 d6 12. Nd4 e5 13. Nf5 Qd8 14. e4 Nbd7 {[%emt 0:04:00] [#]} 15. Qd2 $146 {[%emt 0:02:05] White is much more active. The black rooks are badly placed.} ({Predecessor:} 15. f4 Bc8 16. Rc1 Re8 17. b4 g6 18. Ne3 a5 19. a3 exf4 20. gxf4 axb4 21. axb4 Nxe4 22. Nxe4 {0-1 Also Alvarado,L (2182)-Perez Rosales,P (2129) Las Palmas Insular-chT Pref 2011 (11.2)}) 15... a5 16. f4 Bc8 17. Rae1 Re8 18. Re2 Nc5 19. fxe5 Rxe5 20. Nd4 {[%emt 0:09:29] Nc6 would be deadly.} Bd7 21. Rfe1 Qe8 22. Qc2 Rc8 23. Nf3 Bg4 24. Re3 Bxf3 25. Bxf3 Ncd7 26. Nb5 Rg5 27. Bg2 Ng4 28. R3e2 Rh5 29. h3 Nge5 30. Re3 Qe7 31. Qe2 Rh6 32. Nd4 Rg6 33. b3 Re8 34. Rf1 Nc5 35. Rf4 Qg5 36. Rf5 Qd8 37. Qf1 Ncd7 38. Rf4 Qg5 39. Nf5 Qd8 40. Qe2 Rf8 41. h4 Nf6 42. Bf3 Nxf3+ 43. Qxf3 Qe8 (43... Re8 $11) 44. h5 $16 Rg5 45. h6 $36 {[%emt 0:01:46][%mdl 2048] White is really pushing.} Nh5 {[%emt 0:01:46][%mdl 8192] This costs Black the game.} (45... Qe5 $16) 46. hxg7 $1 $18 {[%emt 0:01:38][%mdl 64] [#] Remove Defender} Nxg7 47. Nh6+ Kh8 48. Nxf7+ Rxf7 49. Rxf7 {[%emt 0:00:04] White wants to mate with Rf8+.} Rxg3+ 50. Qxg3 Qxf7 {[%emt 0:00:07][%mdl 4096] Endgame KQR-KQN} 51. Rf3 Qe8 {[%emt 0:01:56] [#]} 52. e5 $1 Nh5 (52... dxe5 53. Qxe5) 53. Qg5 {[%emt 0:00:18] Threatening mate with e6.} dxe5 54. Re3 Ng7 55. Rxe5 Qf8 56. Qe7 Qg8 57. Rg5 (57. Qxc7 $2 Ne6+ 58. Kf2 Nxc7 $19) 57... h6 58. Rg2 Qh7 59. Qd8+ Qg8 60. Qxc7 Qf8 61. Qxb6 (61. Qe5 $142 Qf7 62. d6 b5 63. Rxg7 Qxg7+ 64. Qxg7+ Kxg7 65. d7 h5 66. cxb5) 61... Nf5 62. Qc7 {[%emt 0:00:50] ?ev?.} Qe8 63. Qf4 ({Inferior is} 63. Qxa5 Qe3+ 64. Kh2 Qf4+ 65. Kg1 Qc1+ 66. Kf2 (66. Kh2 Qf4+ 67. Kh1 Qf1+ 68. Kh2 Qf4+ $11) 66... Qe3+ 67. Kf1 Qf3+ 68. Kg1 Qe3+ 69. Rf2 (69. Kh2 Qf4+ 70. Kh1 Qf1+ 71. Kh2 Qf4+ $11) 69... Qg5+ 70. Kf1 Qc1+ 71. Ke2 (71. Kg2 Qg5+ 72. Kh1 Qh5+ 73. Rh2 Qf3+ 74. Kg1 Qe3+ 75. Rf2 Qg5+ 76. Rg2 Qe3+ $11) 71... Qe3+ 72. Kf1 Qc1+ 73. Kg2 Qg5+ 74. Kh1 Qh5+ 75. Rh2 (75. Kg1 Qg5+ 76. Rg2 Qe3+ $11) 75... Qf3+ 76. Kg1 Qe3+ 77. Rf2 Qg5+ 78. Rg2 Qe3+ $11) 63... Qe1+ 64. Kh2 h5 65. Qb8+ Kh7 66. Qg8+ Kh6 67. Qg6# {[%emt 0:00:06] Weighted Error Value: White=0.04 (flawless) /Black=0.23 (precise)} 1-0